 Dungeon Sprint DCSS version 0.27-a0-263-gc8dee61f84 (webtiles) character file.

Game seed: 9090836919974906736

8760 mhtbhm the Severer (level 11, -1/111 HPs)
             Began as a Minotaur Fighter on Feb 5, 2021.
             Was the Champion of Trog.
             Slain by an orc warrior
             ... wielding a +0 glaive
             ... led by an orc knight
              (14 damage)
             ... while paralysed by an orc sorcerer
             ... in the Dungeon (Sprint VII: "The Pits").
             The game lasted 00:03:16 (2051 turns).

mhtbhm the Severer (Minotaur Fighter)               Turns: 2051, Time: 00:03:16

Health: -1/111     AC: 14    Str: 25    XL:     11   Next: 14%
Magic:  10/10      EV:  2    Int:  5    God:    Trog [******]
Gold:   0          SH:  0    Dex: 12    Spells: 10/10 levels left

rFire    . . .     SeeInvis .   a - +8 broad axe
rCold    . . .     Faith    .   c - +0 kite shield
rNeg     . . .     Spirit   .   b - +5 ring mail
rPois    .         Reflect  .   (helmet restricted)
rElec    .         Harm     .   (no cloak)
rCorr    .         Rampage  .   r - +0 pair of gloves
Will     .....     NoTele   +   (no boots)
Stlth    +.........             (no amulet)
HPRegen  0.28/turn              o - +3 ring of evasion
MPRegen  0.12/turn              p - +3 ring of dexterity

@: paralysed, lethally poisoned (-1 -> -11)
A: retaliatory headbutt, horns 2
a: Renounce Religion, Berserk, Trog's Hand, Brothers in Arms


You were in the Dungeon.
You worshipped Trog.
Trog was exalted by your worship.
You visited 1 branch

Inventory:

Hand Weapons
 a - a +8 broad axe (weapon)
Armour
 b - a +5 ring mail (worn)
 c - a +0 kite shield (worn)
 r - a +0 pair of gloves (worn)
Jewellery
 o - a +3 ring of evasion (left hand)
 p - a +3 ring of dexterity (right hand)
Wands
 n - a wand of flame (10)
 s - a wand of digging (2)
Scrolls
 j - a scroll of blinking
 l - 3 scrolls of remove curse
 m - a scroll of summoning
Potions
 d - 2 potions of might
 e - 5 potions of curing
 f - 14 potions of heal wounds
 g - 2 potions of haste
 h - 4 potions of magic
 i - 4 potions of berserk rage
 k - 2 potions of invisibility
 q - a potion of resistance


   Skills:
 + Level 14.4 Fighting
 + Level 19.5 Axes
 + Level 13.0 Armour
 + Level 7.7 Dodging
 + Level 3.0 Stealth
 + Level 13.2 Shields


You had 10 spell levels left.
You didn't know any spells.
Your spell library was empty.

Dungeon Overview and Level Annotations

Branches:
Dungeon (1/1)

Altars:
Ashenzari
Cheibriados
Dithmenos
Elyvilon
Fedhas
Gozag
Hepliaklqana
Kikubaaqudgha
Makhleb
Nemelex Xobeh
Okawaru
Qazlal
Ru
Sif Muna
Trog
Uskayaw
Vehumet
Wu Jian
Xom
Yredelemnul
Zin
The Shining One
Beogh
Jiyva
Lugonu


Innate Abilities, Weirdness & Mutations

You reflexively headbutt those who attack you in melee.
You have a pair of horns on your head.


Message History

The orc sorcerer hits you with a +0 dagger of venom.
The orc warrior hits you from afar with a +0 glaive!
The orc warrior completely misses you.
The orc knight hits you with a +2 broad axe!
The orc sorcerer hits you but does no damage.
You are poisoned.
You feel sick.
The orc warrior hits you from afar with a +0 glaive!!
The orc warrior hits you with a +0 mace!!
* * * LOW HITPOINT WARNING * * *
The orc sorcerer hits you with a +0 dagger of venom.
* * * LOW HITPOINT WARNING * * *
You are more poisoned.
The orc knight hits you with a +2 broad axe.
* * * LOW HITPOINT WARNING * * *
You feel sick.
The orc warrior hits you with a +0 mace.
* * * LOW HITPOINT WARNING * * *
The orc warrior hits you from afar with a +0 glaive!
You die...

#...<...###.).##'##..##
#.......# ##..........#
#.......###..###)###...#
#.......##..##...))## .#
##########..+...)...+
##########..##.....## .#
...#!..[###..###'###...#
...#..[[# ##......†...#
...'..))# #...##@##..##
...#..))##...##ooo# ..#
...#..))##..#


#ooo# ..+ ############ ##### ## You could see an orc knight, an orc sorcerer
(strong), 2 orc warriors and 2 orcs.

Vanquished Creatures
  A ghost moth (D)
  Nergalle (D)
  A phantasmal warrior (D)
  An orc knight (D)
  A deep elf pyromancer (D)
  A lindwurm (D)
  An orc sorcerer (D)
  A manticore (D)
  2 elephants (D)
  A cane toad (D)
  A hellwing (D)
  A demonic crawler (D)
  A polar bear (D)
  A troll (D)
  A hornet (D)
  A tyrant leech (D)
  A redback (D)
  A spriggan (D)
  2 wraiths (D)
  4 vampire mosquitoes (D)
  Menkaure (D)
  A water moccasin (D)
  A soldier ant (D)
  A floating eye (D)
  An ice beast (D)
  A small abomination (D)
  A wolf (D)
  A centaur (D)
  A gnoll sergeant (D)
  3 orc priests (D)
  A jelly (D)
  Jessica (D)
  Ijyb (D)
  2 iguanas (D)
  A worker ant (D)
  An orc wizard (D)
  4 gnolls (D)
  A river rat (D)
  A leopard gecko (D)
  2 orcs (D)
  A giant cockroach (D)
  A goblin (D)
  A hobgoblin (D)
  7 jackals (D)
  A kobold (D)
  A ball python (D)
  A frilled lizard (D)
65 creatures vanquished.

Notes
Turn   | Place    | Note
-------+----------+-------------------------------------------
     0 | D        | mhtbhm the Minotaur Fighter began the quest for the Orb.
     0 | D        | Reached XP level 1. HP: 19/19 MP: 0/0
    17 | D        | Found a bloodstained altar of Trog.
    17 | D        | Found a shimmering blue altar of Sif Muna.
    17 | D        | Found a viscous altar of Jiyva.
    17 | D        | Found a hazy altar of Hepliaklqana.
    17 | D        | Found an opulent altar of Gozag.
    18 | D        | Found a glowing golden altar of the Shining One.
    18 | D        | Found a glowing silver altar of Zin.
    18 | D        | Found a basalt altar of Yredelemnul.
    18 | D        | Found a shimmering altar of Xom.
    18 | D        | Found an ornate altar of the Wu Jian Council.
    18 | D        | Found a sacrificial altar of Ru.
    18 | D        | Found a stormy altar of Qazlal.
    18 | D        | Found an iron altar of Okawaru.
    18 | D        | Found a sparkling altar of Nemelex Xobeh.
    18 | D        | Found a burning altar of Makhleb.
    18 | D        | Found a blossoming altar of Fedhas.
    18 | D        | Found a white marble altar of Elyvilon.
    18 | D        | Found a shadowy altar of Dithmenos.
    18 | D        | Found a snail-covered altar of Cheibriados.
    20 | D        | Found a radiant altar of Vehumet.
    20 | D        | Found a corrupted altar of Lugonu.
    20 | D        | Found a roughly hewn altar of Beogh.
    22 | D        | Became a worshipper of Trog the Wrathful
    66 | D        | Reached XP level 2. HP: 25/28 MP: 1/1
    99 | D        | Reached * piety under Trog
   104 | D        | Reached skill level 5 in Armour
   106 | D        | Reached skill level 3 in Axes
   107 | D        | Reached ** piety under Trog
   111 | D        | Reached skill level 5 in Shields
   147 | D        | Noticed Ijyb
   153 | D        | Killed Ijyb
   153 | D        | Reached *** piety under Trog
   154 | D        | Reached skill level 5 in Fighting
   154 | D        | Reached skill level 4 in Axes
   154 | D        | Reached XP level 3. HP: 36/36 MP: 2/2
   157 | D        | Reached skill level 5 in Axes
   157 | D        | Reached XP level 4. HP: 42/42 MP: 3/3
   295 | D        | Noticed a water moccasin
   295 | D        | Noticed an ice beast
   302 | D        | Killed a water moccasin
   303 | D        | Reached skill level 8 in Axes
   303 | D        | Reached skill level 1 in Dodging
   303 | D        | Reached XP level 5. HP: 51/51 MP: 4/4
   303 | D        | Reached **** piety under Trog
   311 | D        | Reached ***** piety under Trog
   312 | D        | Reached skill level 9 in Axes
   312 | D        | Reached XP level 6. HP: 60/60 MP: 5/5
   312 | D        | Killed an ice beast
   312 | D        | Received a gift from Trog
   313 | D        | Reached skill level 10 in Axes
   376 | D        | Noticed a floating eye
   376 | D        | Noticed Jessica
   381 | D        | Reached skill level 11 in Axes
   381 | D        | Reached XP level 7. HP: 68/68 MP: 6/6
   382 | D        | Paralysed by a floating eye for 3 turns
   387 | D        | Killed Jessica
   388 | D        | Reached skill level 12 in Axes
   492 | D        | Noticed Menkaure
   492 | D        | Noticed a vampire mosquito
   492 | D        | Noticed a vampire mosquito
   492 | D        | Noticed a vampire mosquito
   492 | D        | Noticed a vampire mosquito
   495 | D        | Killed a vampire mosquito
   495 | D        | Received a gift from Trog
   496 | D        | Reached skill level 1 in Stealth
   498 | D        | Killed a vampire mosquito
   499 | D        | Reached skill level 13 in Axes
   499 | D        | Reached skill level 10 in Armour
   499 | D        | Killed a vampire mosquito
   500 | D        | Reached XP level 8. HP: 78/78 MP: 7/7
   501 | D        | Killed Menkaure
   502 | D        | Reached skill level 10 in Shields
   503 | D        | Reached skill level 14 in Axes
   653 | D        | Found a hide-covered altar of Uskayaw.
   653 | D        | Found an ancient bone altar of Kikubaaqudgha.
   653 | D        | Found a broken altar of Ashenzari.
   680 | D        | Noticed a lindwurm
   681 | D        | Noticed a tyrant leech
   686 | D        | Killed a lindwurm
   687 | D        | Reached skill level 10 in Fighting
   693 | D        | Killed a tyrant leech
   694 | D        | Reached skill level 15 in Axes
   883 | D        | Noticed Nergalle
   883 | D        | Noticed a polar bear
   887 | D        | Killed a polar bear
   888 | D        | Reached XP level 9. HP: 86/86 MP: 8/8
   893 | D        | Reached ****** piety under Trog
   893 | D        | Received a gift from Trog
   896 | D        | Killed Nergalle
   897 | D        | Reached skill level 16 in Axes
   897 | D        | Reached skill level 5 in Dodging
   949 | D        | Noticed a phantasmal warrior
   954 | D        | Killed a phantasmal warrior
   956 | D        | Noticed a troll
   962 | D        | Killed a troll
   963 | D        | Reached skill level 17 in Axes
   975 | D        | Noticed a demonic crawler
   985 | D        | Killed a ghost moth
   986 | D        | Reached skill level 18 in Axes
   986 | D        | Reached XP level 10. HP: 27/99 MP: 0/9
   986 | D        | Received a gift from Trog
  1302 | D        | Noticed an orc sorcerer
  1302 | D        | Noticed a cane toad
  1302 | D        | Noticed an orc knight
  1302 | D        | Noticed a deep elf pyromancer
  1306 | D        | Killed an orc sorcerer
  1308 | D        | Killed a cane toad
  1308 | D        | Received a gift from Trog
  1314 | D        | Killed an orc knight
  1315 | D        | Killed a deep elf pyromancer
  1433 | D        | Noticed an elephant
  1438 | D        | Received a gift from Trog
  1446 | D        | Killed an elephant
  1447 | D        | Reached skill level 19 in Axes
  1751 | D        | Reached XP level 11. HP: 110/110 MP: 10/10
  1759 | D        | Received a gift from Trog
  2046 | D        | Noticed an orc knight
  2046 | D        | Noticed an orc sorcerer
  2047 | D        | Paralysed by an orc sorcerer for 5 turns
  2051 | D        | Slain by an orc warrior

Illustrated notes

Levels and vault maps discovered:
D:        pitsprint [storerooms_1, entrance_room_1, metal_vault_5, armoury_2,
          mini_pit_1, grid_room_1, main_hall_1, silver_pit, the_coven_3,
          the_vestibule_1, steel_vault_5, golden_pit, hallway_of_sentries,
          crystal_vault_1, iron_vault_4, final_vault]

Skill      XL: |  1  2  3  4  5  6  7  8  9 10 11 |
---------------+----------------------------------+-----
Fighting       | 4 5 6 7 8 9 10 12 14 | 14.4
Armour         | 4 5 6 7 8 9 10 11 12 13 | 13.0
Shields        | 4 5 7 9 10 11 12 13 | 13.2
Axes           | 4 5 8 9 11 13 15 18 19 | 19.5
Dodging        | 1 2 3 4 6 7 |  7.7
Stealth        | 1 2 3 |  3.0

Action                   |  1- 3 |  4- 6 |  7- 9 | 10-12 || total
-------------------------+-------+-------+-------+-------++-------
Melee: Hand axe          |    23 |    16 |       |       ||    39
       War axe           |     1 |       |       |       ||     1
       Headbutt          |     4 |     7 |     8 |     7 ||    26
       Broad axe         |       |     7 |    47 |    48 ||   102
Invok: Berserk           |     1 |     2 |     4 |     2 ||     9
  Use: Potion            |       |       |       |     1 ||     1
Armor: Scale mail        |    12 |     8 |     9 |       ||    29
       Ring mail         |       |       |    15 |     9 ||    24
Dodge: Dodged            |     4 |     8 |    24 |    24 ||    60
Block: Kite shield       |    15 |    10 |    27 |    31 ||    83

Table legend: (Time is in decaauts)
 A = Elapsed time spent in this place.
 B = Non-inter-level travel time spent in this place.
 C = Inter-level travel time spent in this place.
 D = Time resting spent in this place.
 E = Time spent auto-exploring this place.
 F = Levels seen in this place.
 G = Mean time per level.
                   A        B        C        D        E       F      G
               +--------+--------+--------+--------+--------+-----+--------+
         Total |   2120 |   2120 |      0 |   1497 |     45 |   1 | 2120.0 |
       Dungeon |   2120 |   2120 |      0 |   1497 |     45 |   1 | 2120.0 |
               +--------+--------+--------+--------+--------+-----+--------+

Top non-repeatable levels by time:
       D: 2120 daAuts
